 Dungeon Crawl Stone Soup version 0.29.1-2-gbd0b4ee654 (webtiles) character file.

Game seed: 11721441374463674947

392262 fantasyman the Minotaur Barricade (level 22, -7/215 HPs)
             Began as a Minotaur Fighter on Nov 17, 2022.
             Was the Champion of the Shining One.
             Splashed with acid (11 damage)
             ... on level 1 of the Pits of Slime.
             The game lasted 01:35:56 (49791 turns).

fantasyman the Minotaur Barricade (MiFi)           Turns: 49791, Time: 01:35:56

Health: -7/215     AC: -1    Str: 27    XL:     22   Next: 11%
Magic:  21/21      EV: 21    Int: 10    God:    the Shining One [******]
Gold:   3914       SH:  0    Dex: 17    Spells: 21/21 levels left

rFire   + + +      SeeInvis +   d - +11 trident of the Bespelled God {elec, rF+ rC+ SInv}
rCold   + . .      Faith    .   E - +6 tower shield of the Twenty Blessings {rC+ rN+ Int+3}
rNeg    + + +      Spirit   .   A - +7 chain mail of Dice, Bag, and Bottle {rPois rN+ Will+ Regen+}
rPois   +          Reflect  +   f - +3 crown of Dyrovepreva {rElec Int+2 SInv}
rElec   +          Harm     .   t - +2 cloak
rCorr   .          Rampage  +   Q - +0 pair of gloves
Will    +++..                   M - +2 pair of boots {rampage}
Stlth   ..........              k - amulet of reflection
HPRegen 1.25/turn               c - ring "Xawk" {rF+ rC- Will+ Dex+4 Stlth+}
MPRegen 0.17/turn               g - ring "Hiesy" {rPois rF+ EV+4}

@: confused, ambrosia-drunk, corroded, hasted, glowing, studying 2 skills, very
quick
A: horns 2, retaliatory headbutt, deformed body, weak 1, MP-powered wands
}: 2/15 runes: serpentine, barnacled
a: Renounce Religion, Divine Shield, Cleansing Flame, Summon Divine Warrior,
Brand Weapon With Holy Wrath


You were on level 1 of the Pits of Slime.
You worshipped the Shining One.
The Shining One was exalted by your worship.
You visited 11 branches of the dungeon, and saw 42 of its levels.
You also visited: Sewer, Bailey and Ice Cave.

You collected 6194 gold pieces.
You spent 2280 gold pieces at shops.

Inventory:

Hand Weapons
 d - the +11 trident of the Bespelled God (weapon) {elec, rF+ rC+ SInv}
   (You found it on level 3 of the Dungeon)

   It occasionally discharges a powerful burst of electricity upon striking a
   foe.
   rF:        It protects you from fire.
   rC:        It protects you from cold.
   SInv:      It lets you see invisible.
 h - the +6 trident "Tatwyagez" {holy, rCorr Str+3}
   (You found it on level 4 of the Shoals)

   It has been blessed by the Shining One to cause great damage to the undead
   and demons.
   Str:       It affects your strength (+3).
   rCorr:     It protects you from acid and corrosion.
 V - the +10 mace of Incongruity {speed, rElec}
   (You found it on level 1 of the Lair of Beasts)

   Attacks with this weapon are significantly faster.
   rElec:     It insulates you from electricity.
 X - the +7 hand axe of the Queen {antimagic, rCorr Str+7 Int-2}
   (You found it on level 1 of the Snake Pit)

   It reduces the magical energy of the wielder, and disrupts the spells and
   magical abilities of those it strikes.
   Natural abilities and divine invocations are not affected.
   Str:       It affects your strength (+7).
   Int:       It affects your intelligence (-2).
   rCorr:     It protects you from acid and corrosion.
Armour
 f - the +3 crown of Dyrovepreva (worn) {rElec Int+2 SInv}
   (You acquired it in a bailey)

   Int:       It affects your intelligence (+2).
   rElec:     It insulates you from electricity.
   SInv:      It lets you see invisible.
 p - a +2 pair of boots of flying
 t - a +2 cloak (worn)
 A - the +7 chain mail of Dice, Bag, and Bottle (worn) {rPois rN+ Will+ Regen+}
   (You found it in a bailey)

   rPois:     It protects you from poison.
   rN:        It protects you from negative energy.
   Regen:     It increases your rate of health regeneration.
   Will:      It increases your willpower.
 E - the +6 tower shield of the Twenty Blessings (worn) {rC+ rN+ Int+3}
   (You acquired it on level 2 of the Orcish Mines)

   Int:       It affects your intelligence (+3).
   rC:        It protects you from cold.
   rN:        It protects you from negative energy.
 M - a +2 pair of boots of rampaging (worn)
 Q - a +0 pair of gloves (worn)
Jewellery
 c - the ring "Xawk" (left hand) {rF+ rC- Will+ Dex+4 Stlth+}
   (You bought it in a shop on level 2 of the Orcish Mines)

   [ring of protection from fire]

   Dex:       It affects your dexterity (+4).
   rF:        It protects you from fire.
   rC:        It makes you vulnerable to cold.
   Will:      It increases your willpower.
   Stlth:     It makes you more stealthy.
 g - the ring "Hiesy" (right hand) {rPois rF+ EV+4}
   (You bought it in a shop on level 2 of the Orcish Mines)

   [ring of evasion]

   EV:        It affects your evasion (+4).
   rF:        It protects you from fire.
   rPois:     It protects you from poison.
 k - an amulet of reflection (around neck)
 N - the ring of the Seer {rN+ Will+ rCorr MP+9}
   (You found it on level 3 of the Crypt)

   [ring of positive energy]

   rN:        It protects you from negative energy.
   MP:        It affects your magic capacity (+9).
   rCorr:     It protects you from acid and corrosion.
   Will:      It increases your willpower.
 R - the amulet "Patus" {-Tele Regen+ Dex+8 Slay+6}
   (You took it off a deep elf annihilator on level 3 of the Elven Halls)

   [amulet of regeneration]

   Dex:       It affects your dexterity (+8).
   Slay:      It affects your accuracy & damage with ranged weapons and melee
   (+6).
   -Tele:     It prevents most forms of teleportation.
   Regen:     It increases your rate of health regeneration.
Wands
 o - a wand of charming (26)
 q - a wand of quicksilver (37)
 r - a wand of roots (56)
 F - a wand of digging (11)
 T - a wand of polymorph (9)
 W - a wand of mindburst (17)
Scrolls
 a - 8 scrolls of poison
 b - 2 scrolls of summoning
 i - 3 scrolls of blinking
 j - a scroll of silence
 m - 14 scrolls of teleportation
 x - 10 scrolls of butterflies
 y - 9 scrolls of enchant armour
 z - 2 scrolls of brand weapon
 I - 4 scrolls of enchant weapon
 L - 3 scrolls of amnesia
 S - 2 scrolls of magic mapping
 U - 7 scrolls of fear
Potions
 e - 5 potions of flight
 l - 7 potions of haste
 n - 7 potions of lignification
 s - 4 potions of resistance
 B - 20 potions of curing
 C - 4 potions of ambrosia
 D - 3 potions of brilliance
 G - a potion of heal wounds
 H - 4 potions of magic
 J - 2 potions of attraction
 K - 3 potions of cancellation
 O - 6 potions of might


   Skills:
 * Level 22.1 Fighting
 - Level 4.2(16.1) Axes
 * Level 23.4(23.6) Polearms
 * Level 19.1 Armour
 * Level 14.4 Dodging
 - Level 0.2 Stealth
 O Level 27 Shields


You had 21 spell levels left.
You didn't know any spells.
Your spell library contained the following spells:

 Spells                   Type           Power      Damage    Failure   Level
 Apportation              Tloc           0%         N/A       75%         1
 Beastly Appendage        Tmut           0%         N/A       75%         1
 Magic Dart               Conj           0%         1d3       75%         1
 Shock                    Conj/Air       0%         1d3       75%         1
 Summon Small Mammal      Summ           0%         N/A       75%         1
 Call Imp                 Summ           0%         N/A       86%         2
 Ensorcelled Hibernation  Hex/Ice        0%         N/A       86%         2
 Scorch                   Fire           0%         2d5       86%         2
 Static Discharge         Conj/Air       0%         3-3/arc   86%         2
 Sublimation of Blood     Necr           0%         N/A       86%         2
 Wereblood                Tmut           0%         N/A       86%         2
 Call Canine Familiar     Summ           0%         N/A       98%         3
 Confusing Touch          Hex            0%         N/A       98%         3
 Conjure Flame            Conj/Fire      0%         6-21      98%         3
 Ignite Poison            Fire/Tmut/Pois 0%         N/A       98%         3
 Mephitic Cloud           Conj/Pois/Air  0%         N/A       98%         3
 Ozocubu's Armour         Ice            0%         N/A       98%         3
 Portal Projectile        Hex/Tloc       0%         N/A       98%         3
 Spider Form              Tmut/Pois      0%         N/A       98%         3
 Stone Arrow              Conj/Erth      0%         3d7       98%         3
 Summon Guardian Golem    Hex/Summ       0%         N/A       98%         3
 Swiftness                Air            0%         N/A       98%         3
 Tukima's Dance           Hex            0%         N/A       98%         3
 Vampiric Draining        Necr           0%         2d6       98%         3
 Airstrike                Air            0%         2d(0-16)  100%        4
 Anguish                  Hex/Necr       0%         N/A       100%        4
 Animate Armour           Summ/Erth      0%         N/A       100%        4
 Cause Fear               Hex            0%         N/A       100%        4
 Dispel Undead            Necr           0%         3d6       100%        4
 Flame Wave               Conj/Fire      0%         2d4       100%        4
 Leda's Liquefaction      Hex/Erth       0%         N/A       100%        4
 Olgreb's Toxic Radiance  Pois           0%         N/A       100%        4
 Petrify                  Tmut/Erth      0%         N/A       100%        4
 Sticky Flame             Conj/Fire      0%         2d3       100%        4
 Agony                    Necr           0%         N/A       100%        5
 Alistair's Intoxication  Tmut/Pois      0%         N/A       100%        5
 Blade Hands              Tmut           0%         N/A       100%        5
 Fireball                 Conj/Fire      0%         3d3       100%        5
 Freezing Cloud           Conj/Ice/Air   0%         6-21      100%        5
 Irradiate                Conj/Tmut      0%         3d11      100%        5
 Iskenderun's Battlesphe  Conj           0%         2d6       100%        5
 Lee's Rapid Deconstruct  Erth           0%         3d5*      100%        5
 Metabolic Englaciation   Hex/Ice        0%         N/A       100%        5
 Silence                  Hex/Air        0%         N/A       100%        5
 Yara's Violent Unravell  Hex/Tmut       0%         3d3       100%        5
 Conjure Ball Lightning   Conj/Air       0%         3x3d6     100%        6
 Death Channel            Necr           0%         N/A       100%        6
 Dispersal                Tloc           0%         N/A       100%        6
 Simulacrum               Ice/Necr       0%         N/A       100%        6
 Starburst                Conj/Fire      0%         6d3       100%        6
 Statue Form              Tmut/Erth      0%         N/A       100%        6
 Summon Cactus Giant      Summ           0%         N/A       100%        6
 Dragon Form              Tmut           0%         N/A       100%        7
 Enfeeble                 Hex            0%         N/A       100%        7
 Orb of Destruction       Conj           0%         9d5       100%        7
 Summon Hydra             Summ           0%         N/A       100%        7
 Disjunction              Tloc           0%         N/A       100%        8
 Ignition                 Fire           0%         3d3       100%        8
 Lehudib's Crystal Spear  Conj/Erth      0%         10d2      100%        8
 Maxwell's Capacitive Co  Air            0%         ∞         100%        8
 Chain Lightning          Conj/Air       0%         N/A       100%        9
 Dragon's Call            Summ           0%         N/A       100%        9


Dungeon Overview and Level Annotations

Branches:
Dungeon (15/15)            Temple (1/1) D:4            Lair (5/5) D:8
 Shoals (4/4) Lair:2        Snake (4/4) Lair:3        Slime (2/5) Lair:4
    Orc (2/2) D:11            Elf (3/3) Orc:2        Vaults (2/5) D:13
  Crypt (3/3) Vaults:2       Tomb (1/3) Crypt:3      Depths (0/4) D:15
  Sewer (visited)          Bailey (visited)           IceCv (visited)

Altars:
Ashenzari
Cheibriados
Dithmenos
Fedhas
Gozag
Kikubaaqudgha
Makhleb
Nemelex Xobeh
Okawaru
Qazlal
Sif Muna
Uskayaw
Vehumet
Wu Jian
Xom
Yredelemnul
Zin
The Shining One

Shops:
Orc:1 =   Orc:2 =*[*:   Shoals:3 *   Snake:1 *   Snake:4 ***   Vaults:2 (


Innate Abilities, Weirdness & Mutations

You have a pair of horns on your head.
You reflexively headbutt those who attack you in melee.
Armour fits poorly on your strangely shaped body.
You are weak. (Str -2)
You expend magic power (3 MP) to strengthen your wands.


Message History

The splash of acid hits you!!
* * * LOW HITPOINT WARNING * * *
The acid corrodes you! The acid blob spits acid at you.
The splash of acid hits you!!
* * * LOW HITPOINT WARNING * * *
The acid corrodes you!
You feel much better. The acid blob spits acid at you.
The splash of acid reflects off an invisible shield around you!
The splash of acid hits the acid blob.
The acid blob completely resists.
You block the rockslime's attack.
You feel yourself speed up. You block the acid blob's attack.
You block the rockslime's attack. The acid blob spits acid at you.
The splash of acid hits you!
* * * LOW HITPOINT WARNING * * *
The acid corrodes you! You block the acid blob's attack.
There is a stone staircase leading up here.
You can't go down here!
The rockslime closely misses you.
You climb upwards.
There is a stone staircase leading down here.
You are confused.
You feel invigorated. The rockslime hits you!!
* * * LOW HITPOINT WARNING * * *
You are shoved backwards!
You are splashed with acid!
The Shining One protects you from harm! The rockslime completely misses you.
You are splashed with acid!!
The Shining One protects you from harm!
The rockslime is no longer covered in acid.
You bump into the slime covered rock wall.
You are splashed with acid!
* * * LOW HITPOINT WARNING * * *
You hit the rockslime but do no damage.
The rockslime is severely wounded.
You are splashed with acid!
You die...

##.#.....###
#..........##
##..........###
##............##
#..............##
##..........^...#
##...............
##........#...#...
#@J>......##.###.#
##........#### ##
##........#
#........##
##...#....#
##......##
##.#.### #.##.#
... ...


You could see a rockslime.

Vanquished Creatures
  Sojobo (Vaults:1)
  A royal mummy (Tomb:1)
  The ghost of Xenat the Impregnable, a veteran MiGl of Hepliaklqana (Crypt:1)
  Vashnia (Snake:3)
  Bai Suzhen (Snake:3)
  The ghost of mantisjm the Hoplite, a veteran HOFi of Qazlal (Vaults:1)
  Nikola (Elf:2)
  2 bone dragons
  Jorgrun (D:14)
  Rupert (D:12)
  4 liches
  3 deep elf blademasters
  2 deep elf master archers (Elf:3)
  5 ancient champions
  A kraken (Shoals:2)
  Polyphemus (Shoals:3)
  2 acid blobs (Slime:1)
  13 sphinxes
  Kirke (Lair:5)
  3 tengu reavers
  Agnes (Snake:2)
  Donald (Snake:4)
  An azure jelly (Slime:1)
  3 revenants
  A fire giant (Vaults:2)
  A storm dragon (Shoals:4)
  A frost giant (Vaults:1)
  2 rockslimes (Slime:1)
  Roxanne (Snake:1)
  3 deep elf sorcerers
  4 nagarajas (Snake:4)
  Aizul (Snake:2)
  2 vault wardens
  A ghoul (Crypt:1)
  Louise (Snake:4)
  4 curse skulls
  4 deep elf elementalists (Elf:3)
  3 war gargoyles (Crypt:3)
  5 ironbound preservers
  A stone giant (D:15)
  6 very ugly things (Vaults:1)
  7 deep elf demonologists
  4 ironbound thunderhulks
  2 vampire knights
  8 dire elephants (Vaults:1)
  7 deep elf annihilators
  An eidolon (Crypt:2)
  9 merfolk impalers
  2 fire dragons (Elf:3)
  Josephine (Lair:3)
  8 deep elf death magi
  5 yaktaur captains
  2 spriggan zombies (Crypt:3)
  A great orb of eyes (Vaults:1)
  8 jiangshi
  8 mummy priests
  5 merfolk javelineers
  3 deep elf high priests (Elf:3)
  2 boulder beetles (Vaults:2)
  15 hydras
  A spriggan skeleton (Crypt:3)
  The ghost of Applejack244 the Cleaver, a journeyman MiMo of Cheibriados (Snake:1)
  A hell beast (Elf:3)
  5 salamander tyrants (Snake:4)
  A fenstrider witch zombie (Crypt:3)
  7 vault guards
  10 two-headed ogres
  13 centaur warriors
  5 merfolk avatars
  2 ogre magi
  5 ironbound frosthearts
  2 death knights (Crypt:1)
  12 anacondas
  An alligator snapping turtle (Shoals:4)
  4 satyrs
  A catoblepas (Shoals:3)
  13 naga warriors
  11 death yaks
  2 merfolk aquamancers (Shoals:1)
  20 dancing weapons
  5 death scarabs (Tomb:1)
  5 tengu warriors
  Urug (Orc:1)
  13 naga sharpshooters
  11 shock serpents
  4 orc high priests
  Sonja (Orc:1)
  2 vampire magi
  12 deep elf knights
  36 skeletal warriors
  A bunyip zombie (Crypt:3)
  A fire crab (shapeshifter) (Elf:1)
  2 shadow wraiths
  5 bog bodies (Crypt:1)
  8 salamander mystics
  20 sea snakes
  9 deep trolls (Vaults:2)
  5 naga ritualists
  10 lindwurms
  A bunyip skeleton (Crypt:3)
  2 necromancers
  8 phantasmal warriors
  3 wizards
  10 ironbound convokers
  27 deep elf zephyrmancers
  20 mana vipers
  8 orc knights
  8 deep elf archers
  19 deep elf pyromancers
  18 harpies
  4 ugly things
  2 oklob plants (Lair:1)
  2 orc sorcerers
  17 manticores
  A goliath frog skeleton (Crypt:1)
  10 fauns
  11 cyclopes
  A shining eye (Slime:1)
  15 salamanders
  A frost giant skeleton (Vaults:2)
  8 vault sentinels
  5 fire giant skeletons (Crypt:3)
  An iron dragon skeleton (Crypt:3)
  15 elephants
  2 merfolk sirens
  8 naga magi
  An ice statue (IceCv)
  8 water nymphs (Shoals:4)
  24 black mambas
  A centaur skeleton (Crypt:3)
  14 guardian serpents
  7 gargoyles
  17 cane toads
  A swamp worm zombie (Crypt:1)
  9 freezing wraiths
  8 rime drakes
  A yellow draconian zombie (Crypt:2)
  8 komodo dragons
  6 kobold demonologists
  15 yaktaurs
  11 guardian mummies
  An anaconda simulacrum (IceCv)
  2 tengu conjurers (D:15)
  3 meliai (D:15)
  26 merfolk
  11 ice devils (IceCv)
  16 wind drakes
  5 trolls
  A harpy zombie (Tomb:1)
  3 polar bears (Lair:5)
  2 hornets
  28 slime creatures
  3 harpy skeletons
  14 blink frogs
  The ghost of Icepheonix32 the Insei, an amateur OpTm (D:6)
  10 dream sheep
  9 flying skulls
  11 snapping turtles
  8 air elementals
  A black mamba zombie (Crypt:3)
  6 shadows
  21 water elementals
  An elf zombie (Vaults:2)
  A dire elephant simulacrum (IceCv)
  11 wraiths
  11 fire dragon skeletons (Crypt:3)
  3 wyverns (Lair:1)
  A fire elemental (Elf:3)
  7 humans
  A yak (shapeshifter) (Elf:2)
  A fire bat (shapeshifter) (D:14)
  37 yaks
  4 ushabtiu (Tomb:1)
  3 steam dragons
  3 basilisks
  6 vampire mosquitoes
  4 hogs (D:9)
  Menkaure (D:7)
  4 death yak simulacra (IceCv)
  24 nagas
  A warg (Orc:2)
  2 harpy simulacra (IceCv)
  17 water moccasins
  2 hydra simulacra (IceCv)
  2 acid dragons
  Duvessa (D:6)
  A cane toad skeleton (Crypt:1)
  A naga skeleton (Tomb:1)
  4 hell hounds (Elf:3)
  2 black bears (D:5)
  Pargi (Sewer)
  40 orc warriors
  2 ice beasts
  2 sky beasts
  16 ogres
  A human zombie (Vaults:2)
  4 boggarts (D:14)
  4 wolves (Lair:2)
  17 centaurs
  A manticore skeleton (Crypt:1)
  A phantom (D:2)
  9 kobold brigands
  2 earth elementals
  A gnoll sergeant (D:10)
  2 necrophages
  8 bullfrogs
  A two-headed ogre simulacrum (IceCv)
  3 cane toad simulacra (IceCv)
  A salamander skeleton (Crypt:2)
  4 scorpions
  12 wights
  Dowan (D:7)
  A water moccasin skeleton (Crypt:1)
  10 killer bees
  3 elephant simulacra (IceCv)
  A polar bear skeleton (Crypt:2)
  3 howler monkeys
  15 electric eels
  A wolf zombie (Crypt:1)
  3 hounds
  13 orc priests
  A gnoll bouda (D:7)
  A bullfrog skeleton (Crypt:2)
  Crazy Yiuf (D:7)
  2 iguanas
  10 orc wizards
  5 hell rats (Lair:5)
  A boggart skeleton (Crypt:1)
  8 polar bear simulacra (IceCv)
  2 troll simulacra (IceCv)
  2 wolf simulacra (IceCv)
  29 mummies
  15 gnolls
  A swamp drake zombie (Crypt:2)
  7 adders
  A naga simulacrum (IceCv)
  A river rat (D:6)
  A shadow imp (D:7)
  A steam dragon skeleton (Crypt:2)
  A white imp (D:7)
  2 ufetubi (IceCv)
  3 worms
  3 dart slugs
  77 orcs
  6 endoplasms
  5 giant cockroaches
  11 goblins
  23 hobgoblins
  5 jackals
  5 quokkas
  8 ball pythons
  12 bats
  6 frilled lizards
  A goblin zombie (Crypt:2)
  A hobgoblin zombie (Crypt:1)
  24 kobolds
  8 rats
  3 tentacles (Shoals:2)
1631 creatures vanquished.

Vanquished Creatures (others)
  A deep elf knight (Elf:1)
  A deep elf zephyrmancer (Elf:3)
  A human (Lair:5)
  4 bushes (Lair:5)
  25 fungi
  66 plants
  A tentacle (Shoals:2)
  3 withered plants (Crypt:3)
102 creatures vanquished.

Grand Total: 1733 creatures vanquished

Notes
Turn   | Place    | Note
-------+----------+-------------------------------------------
     0 | D:1      | fantasyman the Minotaur Fighter began the quest for the
                  | Orb.
     0 | D:1      | Reached XP level 1. HP: 19/19 MP: 0/0
    33 | D:1      | Found a faded altar of an unknown god.
   306 | D:1      | Reached XP level 2. HP: 27/27 MP: 1/1
   889 | D:2      | Reached XP level 3. HP: 32/33 MP: 2/2
  1410 | D:2      | Noticed a phantom
  1423 | D:2      | Killed a phantom
  1424 | D:2      | Reached skill level 1 in Dodging
  1424 | D:2      | Reached XP level 4. HP: 18/41 MP: 3/3
  1981 | D:3      | Reached XP level 5. HP: 25/47 MP: 4/4
  1981 | D:3      | Identified the +11 trident of the Bespelled God {elec, rF+
                  | rC+ SInv}
  2150 | D:3      | Reached skill level 4 in Shields
  2968 | D:4      | Noticed a sky beast
  2973 | D:4      | Killed a sky beast
  2974 | D:4      | Reached skill level 5 in Armour
  2974 | D:4      | Reached XP level 6. HP: 55/55 MP: 5/5
  2999 | D:4      | Reached skill level 5 in Fighting
  3399 | D:4      | Found a staircase to the Ecumenical Temple.
  3448 | D:4      | Reached XP level 7. HP: 61/61 MP: 6/6
  3663 | D:4      | Found a sand-covered staircase.
  3750 | Temple   | Entered the Ecumenical Temple
  3838 | Temple   | Became a worshipper of the Shining One
  3920 | D:5      | Entered Level 5 of the Dungeon
  3929 | D:5      | Reached skill level 5 in Polearms
  3976 | D:5      | Found a radiant altar of Vehumet.
  3979 | D:5      | Found an iron altar of Okawaru.
  3986 | D:5      | Found an ornate altar of the Wu Jian Council.
  4141 | D:5      | Reached XP level 8. HP: 70/70 MP: 7/7
  4414 | D:5      | Found a basalt altar of Yredelemnul.
  4417 | D:5      | Found a glowing silver altar of Zin.
  4422 | D:5      | Found a blossoming altar of Fedhas.
  4423 | D:5      | Found a shadowy altar of Dithmenos.
  4425 | D:5      | Found a shimmering altar of Xom.
  4429 | D:5      | Found a sparkling altar of Nemelex Xobeh.
  4430 | D:5      | Found an ancient bone altar of Kikubaaqudgha.
  4853 | D:6      | Reached skill level 5 in Shields
  5015 | D:6      | Found a glowing drain.
  5031 | Sewer    | Entered a sewer
  5063 | Sewer    | Noticed Pargi
  5069 | Sewer    | Killed Pargi
  5390 | D:6      | Reached * piety under the Shining One
  5394 | D:6      | Reached XP level 9. HP: 78/78 MP: 8/8
  5499 | D:6      | Found a runed translucent gate.
  5499 | D:6      | Found a runed translucent gate.
  5502 | D:6      | Found a runed translucent gate.
  5502 | D:6      | Noticed Icepheonix32's ghost (amateur OpTm)
  6026 | D:6      | Killed Icepheonix32's ghost
  6036 | D:6      | Reached skill level 10 in Polearms
  6670 | D:7      | Noticed Duvessa
  6670 | D:7      | Noticed Dowan
  6673 | D:7      | Killed Dowan
  6680 | D:6      | Killed Duvessa
  6805 | D:7      | Reached skill level 6 in Shields
  6814 | D:7      | Noticed Menkaure
  6821 | D:7      | Killed Menkaure
  7274 | D:7      | Reached ** piety under the Shining One
  7383 | D:7      | Found a runed translucent door.
  7384 | D:7      | Noticed Crazy Yiuf
  7388 | D:7      | Killed Crazy Yiuf
  7485 | D:7      | Reached XP level 10. HP: 69/86 MP: 9/9
  7946 | D:8      | Found a flagged portal.
  7991 | Bailey   | Entered a bailey
  8511 | Bailey   | Noticed an orc knight
  8520 | Bailey   | Killed an orc knight
  8521 | Bailey   | Reached skill level 7 in Shields
  8855 | Bailey   | Reached skill level 10 in Armour
  9060 | Bailey   | Noticed an orc knight
  9105 | Bailey   | Killed an orc knight
  9525 | Bailey   | Noticed an orc knight
  9539 | Bailey   | Killed an orc knight
  9547 | Bailey   | Reached skill level 8 in Shields
  9547 | Bailey   | Reached *** piety under the Shining One
  9557 | Bailey   | Found an iron altar of Okawaru.
  9564 | Bailey   | Noticed an orc sorcerer
  9566 | Bailey   | Noticed a soul eater
  9582 | Bailey   | Noticed a rust devil
  9585 | Bailey   | Killed an orc sorcerer
  9586 | Bailey   | Reached XP level 11. HP: 73/95 MP: 10/10
  9696 | Bailey   | Identified the +7 chain mail of Dice, Bag, and Bottle
                  | {rPois rN+ Will+ Regen+}
  9708 | Bailey   | Acquired the +3 crown of Dyrovepreva {rElec Int+2 SInv}
  9708 | Bailey   | Found the +3 crown of Dyrovepreva {rElec Int+2 SInv}
  9864 | Bailey   | Gained mutation: Your flesh is heat resistant. (rF+)
                  | [potion of mutation]
  9926 | D:8      | Found a staircase to the Lair.
  9987 | D:8      | Noticed a two-headed ogre
  9991 | D:8      | Killed a two-headed ogre
 11150 | Lair:1   | Entered Level 1 of the Lair of Beasts
 11310 | Lair:1   | Noticed an oklob plant
 11310 | Lair:1   | Noticed an oklob plant
 11687 | Lair:1   | Reached skill level 10 in Fighting
 11948 | Lair:1   | Found a sparkling altar of Nemelex Xobeh.
 12299 | Lair:2   | Reached **** piety under the Shining One
 12308 | Lair:2   | Reached XP level 12. HP: 106/106 MP: 11/11
 12315 | Lair:2   | Reached skill level 9 in Shields
 12465 | Lair:2   | Found a staircase to the Shoals.
 12469 | Lair:2   | Reached skill level 15 in Polearms
 13211 | Lair:3   | Reached skill level 5 in Dodging
 13292 | Lair:3   | Found a staircase to the Snake Pit.
 13325 | Lair:3   | Noticed Josephine
 13344 | Lair:3   | Killed Josephine
 13345 | Lair:3   | Reached skill level 10 in Shields
 13366 | Lair:3   | You are sucked into a shaft and drop 2 floors!
 13366 | Lair:5   | Entered Level 5 of the Lair of Beasts
 13369 | Lair:5   | Noticed a merfolk avatar
 13372 | Lair:5   | Noticed Kirke
 13385 | Lair:5   | Reached ***** piety under the Shining One
 13462 | Lair:5   | Reached XP level 13. HP: 97/117 MP: 12/12
 13529 | Lair:4   | Found a staircase to the Slime Pits.
 13630 | Lair:4   | Reached skill level 11 in Shields
 15063 | Lair:5   | Reached skill level 12 in Shields
 15423 | Lair:5   | Killed Kirke
 15508 | Lair:5   | Lost mutation: Your flesh is heat resistant. (rF+) [potion
                  | of mutation]
 15508 | Lair:5   | Gained mutation: You have an increased reservoir of magic.
                  | (+10% MP) [potion of mutation]
 15508 | Lair:5   | Gained mutation: Your flesh is heat resistant. (rF+)
                  | [potion of mutation]
 15508 | Lair:5   | Gained mutation: Your muscles are strong. (Str +4, Int/Dex
                  | -1) [potion of mutation]
 15528 | Lair:5   | Reached XP level 14. HP: 125/130 MP: 14/14
 15788 | D:10     | Entered Level 10 of the Dungeon
 16674 | D:11     | Found a frozen archway.
 16691 | IceCv    | Entered an ice cave
 16730 | IceCv    | Reached ****** piety under the Shining One
 17294 | IceCv    | Found an ancient bone altar of Kikubaaqudgha.
 17604 | IceCv    | Reached skill level 13 in Shields
 17634 | IceCv    | Identified the +1 pair of gloves of Weirdness {+Inv rCorr
                  | Str-5 Dex+4}
 17943 | D:11     | Got the Secrets of Combed Thunderclap
 17957 | D:11     | Got the Octavo of Sand
 17970 | D:11     | Got Ts'ui Pên's Volume of Forking Paths
 18226 | D:11     | Found a staircase to the Orcish Mines.
 18402 | D:12     | Found a hide-covered altar of Uskayaw.
 18723 | D:12     | Reached skill level 15 in Fighting
 18943 | D:12     | Noticed Rupert
 18952 | D:12     | Killed Rupert
 19401 | D:13     | Identified the +1 ring mail of Byirileucu {rCorr}
 19667 | D:13     | Found a gate to the Vaults.
 19821 | D:13     | Reached XP level 15. HP: 141/141 MP: 15/15
 19976 | D:14     | Reached skill level 14 in Shields
 20098 | D:14     | Noticed Jorgrun
 20124 | D:14     | Killed Jorgrun
 20360 | D:14     | Found a shadowy altar of Dithmenos.
 20467 | D:15     | Entered Level 15 of the Dungeon
 20550 | D:15     | Found a staircase to the Depths.
 20557 | D:15     | Reached skill level 15 in Armour
 20843 | D:15     | Found an ornate altar of the Wu Jian Council.
 20911 | D:15     | Reached skill level 15 in Shields
 21154 | Orc:1    | Entered Level 1 of the Orcish Mines
 21308 | Orc:1    | Noticed Urug
 21319 | Orc:1    | Killed Urug
 21354 | Orc:1    | Noticed Sonja
 21364 | Orc:1    | Killed Sonja
 21601 | Orc:1    | Found Jarghori's Jewellery Boutique.
 21826 | Orc:2    | Entered Level 2 of the Orcish Mines
 21866 | Orc:2    | Found Toluf's Jewellery Shoppe.
 21874 | Orc:2    | Bought the ring "Xawk" {rF+ rC- Will+ Dex+4 Stlth+} for 543
                  | gold pieces
 21874 | Orc:2    | Bought the ring "Hiesy" {rPois rF+ EV+4} for 704 gold
                  | pieces
 22003 | Orc:2    | Found Dariuhynn's Armour Shop.
 22003 | Orc:2    | Found Ohips's General Store.
 22006 | Orc:2    | Found Ada Syunk's Book Emporium.
 22011 | Orc:2    | Found Olaifoq's Assorted Antiques.
 22017 | Orc:2    | Bought a scroll of acquirement for 520 gold pieces
 22020 | Orc:2    | Bought a scroll of teleportation for 69 gold pieces
 22020 | Orc:2    | Bought a scroll of teleportation for 69 gold pieces
 22049 | Orc:2    | Bought a +1 pair of boots of rampaging for 231 gold pieces
 22315 | Orc:2    | Found a staircase to the Elven Halls.
 22582 | Elf:1    | Entered Level 1 of the Elven Halls
 22595 | Elf:1    | Reached skill level 16 in Shields
 22595 | Elf:1    | Noticed a deep elf sorcerer
 22638 | Orc:2    | Reached XP level 16. HP: 60/152 MP: 16/16
 22821 | Orc:2    | Acquired the +6 tower shield of the Twenty Blessings {rC+
                  | rN+ Int+3}
 22913 | Elf:1    | Noticed a Brimstone Fiend
 22917 | Elf:1    | Noticed a Hell Sentinel
 23184 | Elf:1    | Got the Writings on Allies
 23987 | Elf:2    | Reached skill level 17 in Shields
 24096 | Elf:2    | Found a runed translucent gate.
 24096 | Elf:2    | Found a runed translucent gate.
 24096 | Elf:2    | Found a runed translucent gate.
 24231 | Elf:2    | Noticed Nikola
 24247 | Elf:2    | Killed Nikola
 24888 | Elf:2    | Noticed a deep elf blademaster
 24903 | Elf:2    | Killed a deep elf blademaster
 24904 | Elf:2    | Reached skill level 10 in Dodging
 25232 | Elf:3    | Entered Level 3 of the Elven Halls
 25466 | Elf:3    | Reached skill level 18 in Shields
 25678 | Elf:3    | Reached XP level 17. HP: 157/162 MP: 17/17
 25949 | Elf:3    | Noticed a deep elf blademaster
 25950 | Elf:3    | Noticed a deep elf master archer
 25969 | Elf:3    | Reached skill level 19 in Shields
 25976 | Elf:3    | Killed a deep elf master archer
 26154 | Elf:3    | Identified the amulet "Patus" {-Tele Regen+ Dex+8 Slay+6}
 26377 | Elf:3    | Noticed a Brimstone Fiend
 26626 | Elf:3    | Noticed a deep elf blademaster
 26641 | Elf:3    | Killed a deep elf blademaster
 26651 | Elf:3    | Noticed a deep elf master archer
 26663 | Elf:3    | Killed a deep elf master archer
 26709 | Elf:3    | Killed a deep elf blademaster
 26723 | Elf:3    | Identified the ring of Paveibef {rElec SInv}
 27022 | Elf:3    | Found the +8 demon trident "Rift" {distort, reach+}
 27044 | Elf:3    | Got the Grimoire of the Doomed Mountains
 27785 | Lair:1   | Identified the +10 mace of Incongruity {speed, rElec}
 28083 | Snake:1  | Entered Level 1 of the Snake Pit
 28334 | Snake:1  | Identified the +7 hand axe of the Queen {antimagic, rCorr
                  | Str+7 Int-2}
 28532 | Snake:1  | Found a runed translucent door.
 28668 | Snake:1  | Noticed Applejack244's ghost (journeyman MiMo)
 28682 | Snake:1  | Killed Applejack244's ghost
 28808 | Snake:1  | Noticed Roxanne
 28854 | Snake:1  | Killed Roxanne
 28859 | Snake:1  | Reached skill level 20 in Shields
 29367 | Snake:1  | Found Zuenle's Mass Market.
 29577 | Snake:2  | Noticed Agnes
 29599 | Snake:2  | Killed Agnes
 29981 | Snake:2  | Reached XP level 18. HP: 172/173 MP: 18/18
 30299 | Snake:2  | Noticed Aizul
 30310 | Snake:2  | Killed Aizul
 30411 | Snake:2  | Found a stormy altar of Qazlal.
 30554 | Snake:3  | Noticed Vashnia
 30574 | Snake:3  | Killed Vashnia
 31429 | Snake:3  | Reached skill level 21 in Shields
 31948 | Snake:4  | Entered Level 4 of the Snake Pit
 31948 | Snake:4  | Noticed Louise
 31962 | Snake:4  | Killed Louise
 32039 | Snake:4  | Noticed Bai Suzhen
 32084 | Snake:3  | Killed Bai Suzhen
 32348 | Snake:4  | Found Jinkeol's General Store.
 32364 | Snake:4  | Found Xuejuc's General Store.
 32364 | Snake:4  | Noticed Donald
 32373 | Snake:4  | Killed Donald
 32377 | Snake:4  | Found Ygiunwad's Assorted Antiques.
 33157 | Snake:4  | Reached skill level 22 in Shields
 33377 | Snake:4  | Reached XP level 19. HP: 138/183 MP: 19/19
 33615 | Snake:4  | Got a serpentine rune of Zot
 34108 | Vaults:1 | Entered Level 1 of the Vaults
 34454 | Vaults:1 | Reached skill level 23 in Shields
 34572 | Vaults:1 | Found a large runed translucent door.
 34572 | Vaults:1 | Found a large runed translucent door.
 34573 | Vaults:1 | Noticed mantisjm's ghost (veteran HOFi)
 35618 | Vaults:1 | Killed mantisjm's ghost
 35666 | Vaults:2 | Noticed Sojobo
 35687 | Vaults:1 | Killed Sojobo
 36246 | Vaults:2 | Noticed a bone dragon
 36271 | Vaults:2 | Killed a bone dragon
 36276 | Vaults:2 | Found a staircase to the Crypt.
 36283 | Vaults:2 | Reached XP level 20. HP: 193/193 MP: 21/21
 36303 | Vaults:2 | Reached skill level 24 in Shields
 36797 | Vaults:2 | Found Fiuc's Weapon Shop.
 36829 | Vaults:2 | Identified the +6 triple crossbow of the Teaching Bear
                  | {elec, *Corrode rPois rC+++ Int-2}
 37025 | Crypt:1  | Entered Level 1 of the Crypt
 37315 | Crypt:1  | Identified the +5 arbalest "Suawkari" {flame, *Corrode Fly
                  | Str+3}
 37422 | Crypt:1  | Found a large runed translucent door.
 37422 | Crypt:1  | Found a large runed translucent door.
 37428 | Crypt:1  | Noticed Xenat's ghost (veteran MiGl)
 37626 | Crypt:1  | Killed Xenat's ghost
 39044 | Crypt:2  | Reached skill level 25 in Shields
 39376 | Crypt:3  | Entered Level 3 of the Crypt
 39846 | Crypt:3  | Noticed a bone dragon
 39881 | Crypt:3  | Killed a bone dragon
 40012 | Crypt:3  | Got Ziziug's Almanac of the Dark Stinger
 40575 | Crypt:3  | Identified the ring "Kiety" {rC+ rN+}
 40575 | Crypt:3  | Identified the amulet of Aqav {Harm Will- Regen+ Slay+2}
 40575 | Crypt:3  | Identified the ring of the Seer {rN+ Will+ rCorr MP+9}
 40714 | Crypt:3  | Found a staircase to the Tomb.
 40854 | Crypt:3  | Found an ancient bone altar of Kikubaaqudgha.
 40861 | Crypt:3  | Reached XP level 21. HP: 203/203 MP: 22/22
 41441 | Tomb:1   | Entered Level 1 of the Tomb of the Ancients
 41833 | Tomb:1   | Reached skill level 26 in Shields
 42870 | Tomb:1   | Noticed a royal mummy
 42889 | Tomb:1   | Killed a royal mummy
 43942 | Shoals:1 | Entered Level 1 of the Shoals
 45431 | Shoals:3 | Noticed Polyphemus
 45738 | Shoals:3 | Killed Polyphemus
 46101 | Shoals:3 | Lost mutation: Your flesh is heat resistant. (rF+) [potion
                  | of mutation]
 46101 | Shoals:3 | Lost mutation: Your muscles are strong. (Str +4, Int/Dex
                  | -1) [potion of mutation]
 46101 | Shoals:3 | Lost mutation: You have an increased reservoir of magic.
                  | (+10% MP) [potion of mutation]
 46101 | Shoals:3 | Gained mutation: You occasionally shout uncontrollably at
                  | your foes. [potion of mutation]
 46102 | Shoals:3 | Lost mutation: You occasionally shout uncontrollably at
                  | your foes. [potion of mutation]
 46102 | Shoals:3 | Gained mutation: Your movements are slightly less
                  | encumbered by armour. (ER -2) [potion of mutation]
 46102 | Shoals:3 | Gained mutation: You occasionally lose the ability to drink
                  | potions when taking damage. [potion of mutation]
 46103 | Shoals:3 | Lost mutation: Your movements are slightly less encumbered
                  | by armour. (ER -2) [potion of mutation]
 46103 | Shoals:3 | Lost mutation: You occasionally lose the ability to drink
                  | potions when taking damage. [potion of mutation]
 46103 | Shoals:3 | Gained mutation: Armour fits poorly on your strangely
                  | shaped body. [potion of mutation]
 46103 | Shoals:3 | Gained mutation: You expend magic power (3 MP) to
                  | strengthen your wands. [potion of mutation]
 46459 | Shoals:3 | Found Nahauni's Island Escapes.
 46514 | Shoals:3 | Bought a scroll of butterflies for 48 gold pieces
 46514 | Shoals:3 | Bought a scroll of butterflies for 48 gold pieces
 46514 | Shoals:3 | Bought a scroll of butterflies for 48 gold pieces
 47406 | Shoals:4 | Entered Level 4 of the Shoals
 47466 | Shoals:4 | Paralysed by an air elemental for 1 turns
 47562 | Shoals:4 | Found a stormy altar of Qazlal.
 47626 | Shoals:4 | Paralysed by an air elemental for 1 turns
 47791 | Shoals:4 | Reached skill level 27 in Shields
 47922 | Shoals:4 | Identified the +6 trident "Tatwyagez" {holy, rCorr Str+3}
 47980 | Shoals:4 | Got a barnacled rune of Zot
 47983 | Shoals:4 | Identified the ring "Ciocze" {*Slow rC- Str+6 Dex+8 Stlth+}
 48053 | Shoals:4 | Paralysed by an air elemental for 1 turns
 48061 | Shoals:4 | Paralysed by an air elemental for 1 turns
 48295 | Shoals:4 | Reached XP level 22. HP: 181/215 MP: 21/21
 48439 | Shoals:4 | Paralysed by an air elemental for 1 turns
 48471 | Shoals:4 | Paralysed by an air elemental for 1 turns
 48802 | Slime:1  | Entered Level 1 of the Pits of Slime
 48914 | Slime:1  | Gained mutation: You are weak. (Str -2) [a shining eye]
 49787 | Slime:1  | HP: 6/215 [rockslime (29)]
 49788 | Slime:1  | The Shining One protects you from harm!
 49789 | Slime:1  | The Shining One protects you from harm!
 49790 | Slime:1  | HP: 2/215 [acid (12)]
 49791 | Slime:1  | Splashed with acid

Illustrated notes

Levels and vault maps discovered:
D:1:      dpeg_arrival_arbitrary_a, layout_loops_ring,
          hellmonk_ecumenical_altar_run_dry
D:2:      layout_rooms, chequers_serial_rivers_large_a
D:3:      minmay_razor_zed, layout_rooms, kennysheep_potato
D:4:      layout_rooms, minmay_temple_entry_large_hall,
          chequers_ossuary_entry_cave, hangedman_decor_lopped
D:5:      layout_cave_pools, nicolae_overflow_hallway_of_the_gods,
          grunt_decor_junction
D:6:      layout_basic, biasface_ghost_orc_armoury, portal_sewer_entry_a
D:7:      layout_cave_pools, nrook_loot_triangle, minmay_misc_feat_square,
          uniq_duvessa, uniq_crazy_yiuf_cottage, uniq_menkaure
D:8:      layout_loops_ring, lair_entry_dummy, enter_bailey_4,
          minmay_misc_feat_roman
D:9:      layout_stronghold, grunt_livestock
D:10:     layout_basic, serial_park_tiny_2
D:11:     layout_loops_cross, orc_0_dummy, portal_ice_cave_entry_pillars_1,
          hangedman_decor_points, hangedman_abyss_or_decor_stagger,
          bh_hangedman_babel_library
D:12:     layout_roguey, nicolae_uskayaw_murder_on_the_dancefloor, uniq_rupert
D:13:     layout_roguey, ximxim_vaults_locker_room
D:14:     layout_rooms, nicolae_dithmenos_through_a_glass_darkly, uniq_jorgrun
D:15:     grunt_enter_depths_snipers, layout_rooms,
          pdpol_wu_jian_five_deadly_venoms
Temple:   hc_temple_tempest_star
Lair:1:   dpeg_oklob_gauntlet, layout_long_grid, basic_altar
Lair:2:   layout_cave_pods, shoals_dummy_entry, lemuel_fruit_tree,
          serial_bayou_shore_b
Lair:3:   layout_regular_city, minmay_snake_entry_spellcaster, uniq_josephine
Lair:4:   layout_roguey, slime_entry_1
Lair:5:   gammafunk_lair_ancient_temple, layout_misc_corridors,
          columned_hall_lemuel, nicolae_quartered_pool_impasse, minivault_27,
          uniq_kirke
Shoals:1: layout_shoals
Shoals:2: layout_shoals, abandoned_shop, nicolae_shoals_circle_sea_wall,
          nicolae_shoals_loop_pool
Shoals:3: layout_shoals, nicolae_shoals_lost_giant_amphitheater,
          nicolae_island_escapes, uniq_polyphemus
Shoals:4: shoals_end_hellmonk_storm_palace [storm_palace_center_square,
          storm_palace_corner_reverse_hut, storm_palace_corner_pillars,
          storm_palace_corner_altar, storm_palace_corner_narrow]
Snake:1:  layout_basic, ebering_ghost_reflecting_pool, grunt_ministairs_15,
          minmay_shop_mass, serial_bayou_shore_a, uniq_roxanne
Snake:2:  layout_gridlike, basic_altar, grunt_ministairs_10,
          statue_in_the_mist_lemuel, serial_bayou_ford_a, uniq_agnes, uniq_aizul
Snake:3:  nicolae_snake_nest, layout_honeycomb, uniq_vashnia
Snake:4:  snake_pit_salamanders_mu, layout_rooms, drop_trap,
          nicolae_fountain_basement, minmay_shop_star, uniq_louise, uniq_donald,
          uniq_bai_suzhen
Slime:1:  layout_caves
Slime:2:  layout_caves, cheibrodos_slime_lost_civilization_6
Orc:1:    cheibrodos_orc_bank, layout_caves, serial_shops, shop_fountains,
          kennysheep_orc_chapel, uniq_urug, uniq_sonja
Orc:2:    st_orc_rangers, layout_diamond_mine, serial_shops, shop
Elf:1:    nicolae_elf_arrival_no_cutting_in_line, layout_geoelf_grid,
          minmay_elf_demonology, lemuel_upstairs_altar
Elf:2:    elven_hall_of_blades_hangedman_original [nicolae_blade_bullseye],
          layout_geoelf_grid, uniq_nikola
Elf:3:    grunt_elf_hall_asides, layout_gridlike, special_room
          [special_room_mythical_zoo]
Vaults:1: ebering_ghost_disaster_area, vaults_room_grid,
          ontoclasm_vaults_shuriken, nicolae_vaults_network_quinsquares
          [nicolae_vaults_network_quincunx_subvault,
          nicolae_vaults_network_quincunx_subvault,
          nicolae_vaults_network_quincunx_subvault,
          nicolae_vaults_network_quincunx_subvault], serial_ice_h,
          grunt_vaults_twisty, v_misc_3, v_alt_pattern_2,
          nicolae_vaults_network_periphery, st_more_cells, nicolae_vaults_theta,
          v_misc_5, nicolae_vaults_asterisk, v_misc_25, layout_vaults_maze
Vaults:2: minmay_crypt_entry_nasty_monster, v_misc_5, hangedman_vaults_slice,
          vaults_room_grunt_arrival_ludios, v_misc_12,
          nicolae_vaults_quartermaster, ontoclasm_vaults_idyll, v_misc_27,
          ontoclasm_vaults_gateway, ontoclasm_vaults_misaligned, v_misc_14,
          nicolae_vaults_ring_of_whatevers, v_misc_13,
          nicolae_vaults_yaktaur_gun_rack, vaults_dpeg_diagonal,
          vaults_room_octagon, layout_vaults_omnibox, serial_shops,
          nicolae_shop_bloodbath_and_beyond, uniq_sojobo
Crypt:1:  layout_chaotic_city, ebering_ghost_disaster_area,
          nicolae_crypt_soggy_tomb, grunt_crypt_arrival_webbed,
          roderic_lattice_octagonal_star
Crypt:2:  layout_misc_corridors
Crypt:3:  quadcrypt_mu
Tomb:1

Skill      XL: |  1  2  3  4  5  6  7  8  9 10 11 12 13 14 15 16 17 18 19 20 21 22 |
---------------+-------------------------------------------------------------------+-----
Fighting       | 4 5 6 7 8 10 11 13 15 16 17 18 19 20 21 22 | 22.1
Armour         | 4 5 6 7 9 10 12 13 14 15 16 17 18 19 | 19.1
Axes           | 4 |  4.2
Dodging        | 1 2 4 5 7 8 9 10 11 12 13 14 | 14.4
Shields        | 4 5 6 8 10 12 13 16 18 20 22 23 25 27 | 27.0
Polearms       | 2 3 6 9 11 12 14 15 16 18 19 20 21 22 23 | 23.4
Stealth        | |  0.2

Action                   |  1- 3 |  4- 6 |  7- 9 | 10-12 | 13-15 | 16-18 | 19-21 | 22-24 || total
-------------------------+-------+-------+-------+-------+-------+-------+-------+-------++-------
Melee: War axe           |    80 |    19 |       |       |       |       |       |       ||    99
       Headbutt          |     8 |     7 |    30 |    95 |   255 |   343 |   725 |    44 ||  1507
       Trident           |       |    68 |   209 |   437 |  1115 |  1263 |  2462 |   141 ||  5695
  Use: Scroll            |       |    12 |     5 |     6 |     9 |     5 |       |       ||    37
       Potion            |       |     1 |       |     7 |     1 |     5 |     5 |     3 ||    22
Armor: Scale mail        |    39 |    11 |       |       |       |       |       |       ||    50
       Plate armour      |       |    17 |    67 |    31 |       |       |       |       ||   115
       Chain mail        |       |       |       |   153 |   348 |   255 |   415 |    23 ||  1194
Dodge: Dodged            |    44 |    20 |    32 |    90 |   265 |   271 |   490 |    40 ||  1252
Block: Buckler           |    14 |    30 |    63 |   159 |   197 |       |       |       ||   463
       Reflection        |       |       |     1 |    11 |   112 |   170 |   122 |    15 ||   431
       Kite shield       |       |       |       |       |   354 |       |       |       ||   354
       Tower shield      |       |       |       |       |       |  1234 |  2283 |   189 ||  3706
